 Dungeon Crawl Stone Soup version 0.23-a0-558-g30802b1 (webtiles) character file.

0 Amnesiac the Ducker (level 1, -1/11 HPs)
             Began as a Spriggan Berserker on Dec 12, 2018.
             Was a Follower of Trog.
             Slain by a hobgoblin
             ... wielding a cursed -2 club
              (5 damage)
             ... on level 1 of the Dungeon.
             The game lasted 00:00:14 (16 turns).

Amnesiac the Ducker (Spriggan Berserker)              Turns: 16, Time: 00:00:15

Health: -1/11      AC:  2    Str: 13    XL:     1   Next: 8%
Magic:  2/2        EV: 19    Int:  8    God:    Trog [*.....]
Gold:   0          SH:  0    Dex: 15    Spells: 0/0 levels left

rFire    . . .     SeeInvis +   a - +0 short sword
rCold    . . .     Gourm    .   (shield restricted)
rNeg     . . .     Faith    .   b - +0 animal skin
rPois    .         Spirit   .   (helmet restricted)
rElec    .         Reflect  .   (no cloak)
rCorr    .         Harm     .   (gloves unavailable)
MR       .....                  (boots unavailable)
Stlth    +.........             (no amulet)
HPRegen  0.03/turn              (no ring)
MPRegen  0.08/turn              (no ring)

@: very quick
A: very small, unfitting armour, see invisible, herbivore, speed 3, slow
metabolism 2
a: Berserk, Renounce Religion


You were on level 1 of the Dungeon.
You worshipped Trog.
Trog was aware of your devotion.
You were not hungry.

You visited 1 branch of the dungeon, and saw 1 of its levels.

Inventory:

Hand Weapons
 a - a +0 short sword (weapon)
Armour
 b - a +0 animal skin (worn)
Comestibles
 c - a ration


   Skills:
 + Level 2.4 Fighting
 * Level 3.3 Short Blades
 + Level 4.4 Dodging
 + Level 0.0 Stealth


You couldn't memorise any spells.
You didn't know any spells.
Your spell library was empty.

Dungeon Overview and Level Annotations

Branches:
Dungeon (1/15)

Altars:


Innate Abilities, Weirdness & Mutations

You are very small and have problems with some larger weapons.
You are too small for most types of armour.
You have supernaturally acute eyesight. (SInv)
You are a herbivore.
You cover ground extremely quickly.
You need to consume almost no food.


Message History

Welcome, Amnesiac the Spriggan Berserker.
It is said that the Orb of Zot exists deep within this dungeon.
Trog says: Kill them all!
Press ? for a list of commands and other information.
Found a scroll labeled VONEJI FUMIG, 17 gold pieces, 22 bolts and 13 stones.
Found a staircase leading out of the dungeon.
Unknown command.
A rat comes into view.
Found a puce potion.
You see here 6 gold pieces.
A rat is nearby!
A rat is nearby!
A bat, a rat and a hobgoblin come into view.
You hit the rat.
You kill the rat!
Trog accepts your kill.
You hit the hobgoblin.
The hobgoblin is moderately wounded.
The bat misses you. The hobgoblin misses you.
You hit the hobgoblin but do no damage.
The hobgoblin is moderately wounded.
The bat closely misses you. The hobgoblin barely misses you.
You barely miss the hobgoblin.
The hobgoblin is moderately wounded.
The bat misses you. The hobgoblin completely misses you.
You barely miss the hobgoblin.
The hobgoblin is moderately wounded.
The bat misses you. The hobgoblin misses you.
You hit the hobgoblin but do no damage.
The hobgoblin is moderately wounded.
The bat hits you.
The hobgoblin hits you with a cursed -2 club.
You hit the hobgoblin.
The hobgoblin is severely wounded.
The bat misses you.
You closely miss the hobgoblin.
The hobgoblin is severely wounded.
The bat barely misses you. The hobgoblin closely misses you. The rat bites you.
* * * LOW HITPOINT WARNING * * *
You hit the hobgoblin but do no damage.
The hobgoblin is severely wounded.
The hobgoblin hits you with a cursed -2 club.
You die...

.. #......
#..##.....#######
...............!..
#..#####.....#####
#..#...#.....#...#
#..#.8.#.....#.8.#
#..#...#.....#...#
#..#####.....#####
#.....g@..........
#.....rb..$.......
#.........<..?....
#................(
#.#.$.............
# ######.....#####
##...#.....#...#
##.8.#.....#.8.#
#...#.....#...#


You could see a hobgoblin, a bat and a rat.

Vanquished Creatures
  A rat (D:1)
1 creature vanquished.

Notes
Turn   | Place    | Note
-------+----------+-------------------------------------------
     0 | D:1      | Amnesiac the Spriggan Berserker began the quest for the
                  | Orb.
     0 | D:1      | Reached XP level 1. HP: 11/11 MP: 2/2
    16 | D:1      | Slain by a hobgoblin

Vault maps used:
D:1:      minmay_arrival_glassed_features

Action                   || total
-------------------------++-------
Melee: Short sword       ||     9
Dodge: Dodged            ||    11

Table legend:
 A = Non-vault XP
 B = Vault XP
 C = Vault XP percentage of total XP
 D = Non-vault monster count
 E = Vault monster count
 F = Vault count percentage of total count
                 A         B        C        D         E       F
            +---------+---------+-------+---------+---------+-------
      Total |       1 |       0 |   0.0 |       1 |       0 |   0.0
            +---------+---------+-------+---------+---------+-------
        D:1 |       1 |       0 |   0.0 |       1 |       0 |   0.0
            +---------+---------+-------+---------+---------+-------
